Phantoms vs Checkers

Created - Friday, January 22, 2016 at 00:04

Goals
1 2 3 OT1 SO T
Phantoms 1 0 0 0 1 2
Checkers 0 1 0 0 0 1
Shots
1 2 3 OT1 SO T
Phantoms 16 12 9 3 3 40
Checkers 9 14 7 5 3 35

1st period

1. Phantoms , Chris Neil 13 (Martin Gernat, Byron Froese) at 8:07

Penalties :
Brandon Mashinter (CHA) for Fighting (Major) at 9:09, Tom Sestito (LEH) for Fighting (Major) at 9:09, Blake Parlett (CHA) for Diving (Minor) at 9:30

2nd period

2. Checkers , Jason Chimera 15 (Peter Harrold, Michael Bournival) at 0:36

Penalties :
Cody Bass (LEH) for Holding (Minor) at 7:59, Brandon Mashinter (CHA) for Fighting (Major) at 15:18, Tom Sestito (LEH) for Fighting (Major) at 15:18, Michael Sdao (CHA) for Holding (Minor) at 18:22

3rd period

No Goal

Penalties :
Jim O'Brien (CHA) for Holding (Minor) at 2:42, Keegan Lowe (LEH) for Interference (Minor) at 12:31

Overtime #1

No Goal

Penalties :
No Penalty

Shootout

Penalty Shot by Deryk Engelland for Phantoms - Stopped by Drew MacIntyre
Penalty Shot by Sean Backman for Checkers - Stopped by Marek Mazanec
Penalty Shot by Chris Neil for Phantoms - Stopped by Drew MacIntyre
Penalty Shot by Michael Latta for Checkers - Stopped by Marek Mazanec
Penalty Shot by Ben Street for Phantoms - Goal!
Penalty Shot by Jim O'Brien for Checkers - Stopped by Marek Mazanec

Penalties :
No Penalty

Goalie Stats

Marek Mazanec (LEH), 34 saves from 35 shots - (0.971), W, 24-9-10, 65:00 minutes
Drew MacIntyre (CHA), 39 saves from 40 shots - (0.975), OTL, 30-5-12, 65:00 minutes

Players Stats for Phantoms

Player Name              G  A  P  +/- PIM S  H  SB GA TA FO     MP     PP MP  PK MP  
------------------------------------------------------------------------------------
Ben Street               0  0  0  -1  0   1  1  0  5  0  4/15   20:43   3:22   2:26 
Brian Strait             0  0  0  -1  0   4  4  1  1  3  0/0    26:29   3:22   2:56 
Bryan Allen              0  0  0  -1  0   4  3  3  4  5  0/0    26:29   3:22   2:56 
Bryan Lerg               0  0  0   1  0   5  0  1  3  0  0/0    17:11   2:35   0:19 
Byron Froese             0  1  1   1  0   3  1  0  0  1  6/12   18:32   2:35   0:04 
Chris Langkow            0  0  0   0  0   3  1  0  1  0  4/10   15:36   0:00   1:09 
Chris Neil               1  0  1   1  0   10 2  0  3  0  4/7    22:41   2:35   3:03 
Cody Bass                0  0  0   0  2   1  1  0  2  0  0/0    15:17   0:00   0:00 
Deryk Engelland          0  0  0  -1  0   5  1  2  5  2  0/0    24:40   3:22   1:02 
Garrett Wilson           0  0  0  -1  0   1  3  0  1  0  0/2    16:57   3:22   0:04 
Greg Zanon               0  0  0   0  0   0  0  1  0  0  0/0    22:41   2:35   1:02 
Keegan Lowe              0  0  0   1  2   1  1  0  0  2  0/0    15:49   0:00   0:00 
Martin Gernat            0  1  1   1  0   1  3  0  0  2  0/0    15:50   0:00   0:00 
Mitch Moroz              0  0  0   0  0   0  1  0  0  0  1/2     6:50   0:00   0:00 
Nathan Longpre           0  0  0   0  0   0  0  1  0  0  1/5     8:35   0:00   0:00 
Stephen Johns            0  0  0   0  0   0  0  1  1  1  0/0    18:44   2:35   0:00 
Steve MacIntyre          0  0  0   0  0   0  1  1  1  0  0/0     8:35   0:00   0:00 
Tom Sestito              0  0  0   0  10  1  1  2  0  1  0/0    14:19   0:00   0:51 

Players Stats for Checkers

Player Name              G  A  P  +/- PIM S  H  SB GA TA FO     MP     PP MP  PK MP  
------------------------------------------------------------------------------------
Aaron Ness               0  0  0   0  0   2  1  0  1  0  0/0    21:39   1:50   0:00 
Adam Cracknell           0  0  0   1  0   0  1  0  1  2  3/3    17:37   2:03   3:23 
Andrew Gordon            0  0  0   0  0   1  5  1  4  0  0/0    17:43   1:55   0:00 
Blake Parlett            0  0  0   0  2   2  0  1  0  1  0/0    21:44   1:50   0:00 
Brandon Mashinter        0  0  0  -1  10  3  1  0  0  1  0/0    13:53   0:00   0:38 
Jason Chimera            1  0  1   1  0   7  1  1  7  1  1/1    15:55   2:03   0:00 
Jim O'Brien              0  0  0  -1  2   3  2  1  2  1  8/12   15:46   0:00   2:00 
Julien Brouillette       0  0  0   0  0   0  2  0  0  0  0/0    19:06   0:00   3:28 
Mark Zengerle            0  0  0   0  0   2  2  0  0  0  4/5    14:41   0:00   2:28 
Michael Bournival        0  1  1   1  0   2  0  1  9  0  7/15   17:09   2:03   0:00 
Michael Latta            0  0  0   0  0   1  1  1  3  2  8/13   17:43   1:55   0:00 
Michael Sdao             0  0  0   0  2   1  2  0  1  0  0/0    17:35   0:00   2:28 
Peter Harrold            0  1  1   0  0   2  0  2  2  4  0/0    25:20   2:08   3:04 
Petteri Lindbohm         0  0  0   0  0   4  3  1  2  1  0/0    24:40   2:08   2:54 
Sean Backman             0  0  0  -1  0   2  0  0  0  0  1/1    13:12   0:00   0:00 
Tomas Vincour            0  0  0   0  0   0  1  0  0  0  1/1    15:18   1:55   0:04 
Wacey Hamilton           0  0  0   0  0   1  1  0  1  2  0/1    10:48   0:00   0:00 
Willie Coetzee           0  0  0   0  0   2  1  0  0  1  0/1    14:13   0:00   3:25 

3 Stars

1 - Drew MacIntyre (CHA)
2 - Marek Mazanec (LEH)
3 - Chris Neil (LEH)

Power Play

Phantoms - 0 on 3 Attempt(s) - 0.00%
Checkers - 0 on 2 Attempt(s) - 0.00%

Penalty Kill

Phantoms - 2 on 2 Attempt(s) - 100.00% - Score 0 goal in Penalty Kill
Checkers - 3 on 3 Attempt(s) - 100.00% - Score 0 goal in Penalty Kill

Team Stat

Phantoms - Hits : 24 - Faceoff Wins : 20 - Blocked Shots : 13 - Penalty Minutes : 14
Checkers - Hits : 24 - Faceoff Wins : 33 - Blocked Shots : 9 - Penalty Minutes : 16

Official

Referees : Unknown
Linesman : Unknown

Game Notes

Tom Sestito beats up Brandon Mashinter at 9:09 of 1st period
Brandon Mashinter and Tom Sestito fight to a draw at 15:18 of 2nd period

Finance

Level 1 -- Attendance: 1393 (69.65%) -- Ticket Income $44,576
Level 2 -- Attendance: 677 (67.70%) -- Ticket Income $8,124
Total Attendance: 2070 (69.00%)
Total Ticket Income: $52,700
Other Income: $25,823
Total Income: $78,523

Phantoms

5 vs 5 Forward 
   Center                   Left Wing                Right Wing               Time % Phy DF OF 
 1 Ben Street               Garrett Wilson           Deryk Engelland          35     1   2  2  
 2 Byron Froese             Bryan Lerg               Chris Neil               30     1   2  2  
 3 Chris Langkow            Tom Sestito              Cody Bass                22     1   2  2  
 4 Nathan Longpre           Steve MacIntyre          Deryk Engelland          13     1   2  2  

5 vs 5 Defense 
   Defense                  Defense                                           Time % Phy DF OF 
 1 Bryan Allen              Brian Strait                                      35     1   2  2  
 2 Greg Zanon               Stephen Johns                                     30     1   2  2  
 3 Martin Gernat            Keegan Lowe                                       22     1   2  2  
 4 Bryan Allen              Brian Strait                                      13     1   2  2  

PowerPlay Forward 
   Center                   Left Wing                Right Wing               Time % Phy DF OF 
 1 Ben Street               Garrett Wilson           Deryk Engelland          60     1   2  2  
 2 Byron Froese             Bryan Lerg               Chris Neil               40     1   2  2  

PowerPlay Defense
   Defense                  Defense                                           Time % Phy DF OF 
 1 Bryan Allen              Brian Strait                                      60     1   2  2  
 2 Greg Zanon               Stephen Johns                                     40     1   2  2  

Penalty Kill 4 Players Forward 
   Center                   Wing                     Time % Phy DF OF 
 1 Chris Neil               Ben Street               60     1   2  2  
 2 Garrett Wilson           Byron Froese             40     1   2  2  

Penalty Kill 4 Players Defense
   Defense                  Defense                  Time % Phy DF OF 
 1 Bryan Allen              Brian Strait             60     1   2  2  
 2 Deryk Engelland          Greg Zanon               40     1   2  2  

Penalty Kill - 3 Players Forward 
   Forward                                           Time % Phy DF OF 
 1 Chris Neil                                        60     1   2  2  
 2 Ben Street                                        40     1   2  2  

Penalty Kill - 3 Players Defense
   Defense                  Defense                  Time % Phy DF OF 
 1 Bryan Allen              Brian Strait             60     1   2  2  
 2 Deryk Engelland          Greg Zanon               40     1   2  2  

4 vs 4 Forward 
   Center                   Wing                     Time % Phy DF OF 
 1 Chris Neil               Ben Street               60     1   2  2  
 2 Garrett Wilson           Byron Froese             40     1   2  2  

4 vs 4 Defense
   Defense                  Defense                  Time % Phy DF OF 
 1 Bryan Allen              Brian Strait             60     1   2  2  
 2 Deryk Engelland          Greg Zanon               40     1   2  2  

Last Minutes Offensive
   Center                   Left Wing                Right Wing               Defense                  Defense                  
   Ben Street               Garrett Wilson           Deryk Engelland          Bryan Allen              Brian Strait             

Last Minutes Defensive
   Center                   Left Wing                Right Wing               Defense                  Defense                  
   Ben Street               Garrett Wilson           Deryk Engelland          Bryan Allen              Brian Strait             

Goaltenders
Starting : Marek Mazanec            
Backup : Laurent Brossoit         

Extra Forwards
Normal : Mitch Moroz, Tom Sestito, Chris Langkow - PP : Mitch Moroz, Tom Sestito - PK : Chris Langkow
Extra Defensemen
Normal : Martin Gernat, Keegan Lowe, Stephen Johns - PP : Martin Gernat - PK : Keegan Lowe, Stephen Johns
Penalty Shots
Deryk Engelland, Chris Neil, Ben Street, Garrett Wilson, Byron Froese

Checkers

5 vs 5 Forward 
   Center                   Left Wing                Right Wing               Time % Phy DF OF 
 1 Michael Bournival        Jason Chimera            Adam Cracknell           28     1   2  2  
 2 Michael Latta            Tomas Vincour            Andrew Gordon            27     1   2  2  
 3 Jim O'Brien              Brandon Mashinter        Sean Backman             25     1   2  2  
 4 Mark Zengerle            Willie Coetzee           Wacey Hamilton           20     1   2  2  

5 vs 5 Defense 
   Defense                  Defense                                           Time % Phy DF OF 
 1 Peter Harrold            Petteri Lindbohm                                  35     1   2  2  
 2 Aaron Ness               Blake Parlett                                     35     1   2  2  
 3 Julien Brouillette       Michael Sdao                                      30     1   2  2  
 4 Peter Harrold            Petteri Lindbohm                                  0      1   2  2  

PowerPlay Forward 
   Center                   Left Wing                Right Wing               Time % Phy DF OF 
 1 Michael Bournival        Jason Chimera            Adam Cracknell           50     0   1  4  
 2 Michael Latta            Tomas Vincour            Andrew Gordon            50     0   1  4  

PowerPlay Defense
   Defense                  Defense                                           Time % Phy DF OF 
 1 Peter Harrold            Petteri Lindbohm                                  50     0   1  4  
 2 Aaron Ness               Blake Parlett                                     50     0   1  4  

Penalty Kill 4 Players Forward 
   Center                   Wing                     Time % Phy DF OF 
 1 Mark Zengerle            Brandon Mashinter        50     0   4  1  
 2 Jim O'Brien              Willie Coetzee           50     0   4  1  

Penalty Kill 4 Players Defense
   Defense                  Defense                  Time % Phy DF OF 
 1 Julien Brouillette       Michael Sdao             50     0   4  1  
 2 Peter Harrold            Petteri Lindbohm         50     0   4  1  

Penalty Kill - 3 Players Forward 
   Forward                                           Time % Phy DF OF 
 1 Mark Zengerle                                     50     0   5  0  
 2 Jim O'Brien                                       50     0   5  0  

Penalty Kill - 3 Players Defense
   Defense                  Defense                  Time % Phy DF OF 
 1 Julien Brouillette       Michael Sdao             50     0   5  0  
 2 Peter Harrold            Petteri Lindbohm         50     0   5  0  

4 vs 4 Forward 
   Center                   Wing                     Time % Phy DF OF 
 1 Michael Bournival        Jason Chimera            50     1   2  2  
 2 Michael Latta            Andrew Gordon            50     1   2  2  

4 vs 4 Defense
   Defense                  Defense                  Time % Phy DF OF 
 1 Peter Harrold            Petteri Lindbohm         50     1   2  2  
 2 Aaron Ness               Blake Parlett            50     1   2  2  

Last Minutes Offensive
   Center                   Left Wing                Right Wing               Defense                  Defense                  
   Michael Bournival        Jason Chimera            Adam Cracknell           Peter Harrold            Petteri Lindbohm         

Last Minutes Defensive
   Center                   Left Wing                Right Wing               Defense                  Defense                  
   Michael Latta            Jason Chimera            Adam Cracknell           Peter Harrold            Petteri Lindbohm         

Goaltenders
Starting : Drew MacIntyre           
Backup : John Muse                

Extra Forwards
Normal : Michael Bournival, Jason Chimera, Adam Cracknell - PP : Jason Chimera, Michael Bournival - PK : Adam Cracknell
Extra Defensemen
Normal : Peter Harrold, Petteri Lindbohm, Aaron Ness - PP : Peter Harrold - PK : Peter Harrold, Petteri Lindbohm
Penalty Shots
Sean Backman, Michael Latta, Jim O'Brien, Andrew Gordon, Brandon Mashinter

% Time on Ice - Phantoms

Lines # - Real PCT - Wanted PCT - Time Play
Normal Forward
1 - 24% - 35% - 11:55
2 - 30% - 30% - 15:08
3 - 29% - 22% - 14:27
4 - 17% - 13% - 8:35
Normal Defense
1 - 31% - 35% - 15:23
2 - 33% - 30% - 16:33
3 - 32% - 22% - 15:50
4 - 5% - 13% - 2:19
PP Forward
1 - 57% - 60% - 3:22
2 - 43% - 40% - 2:35
PP Defense
1 - 57% - 60% - 3:22
2 - 43% - 40% - 2:35
PK Forward
1 - 98% - 60% - 3:54
2 - 2% - 40% - 0:04
PK Defense
1 - 74% - 60% - 2:56
2 - 26% - 40% - 1:02
PK3 Forward
1 - 0% - 60%
2 - 0% - 40%
PK3 Defense
1 - 0% - 60%
2 - 0% - 40%
44 Forward
1 - 85% - 60% - 4:15
2 - 15% - 40% - 0:45
44 Defense
1 - 50% - 60% - 2:29
2 - 50% - 40% - 2:31
Last Minute Offensive  - 0:00
Last Minute Defensive  - 0:00
Total
Forward - 65:00
Defense - 65:00

% Time on Ice - Checkers

Lines # - Real PCT - Wanted PCT - Time Play
Normal Forward
1 - 25% - 28% - 12:46
2 - 27% - 27% - 13:19
3 - 26% - 25% - 13:12
4 - 22% - 20% - 10:48
Normal Defense
1 - 34% - 35% - 17:11
2 - 35% - 35% - 17:34
3 - 29% - 30% - 14:33
4 - 2% - 0% - 0:47
PP Forward
1 - 52% - 50% - 2:03
2 - 48% - 50% - 1:55
PP Defense
1 - 54% - 50% - 2:08
2 - 46% - 50% - 1:50
PK Forward
1 - 43% - 50% - 2:32
2 - 57% - 50% - 3:25
PK Defense
1 - 58% - 50% - 3:28
2 - 42% - 50% - 2:29
PK3 Forward
1 - 0% - 50%
2 - 0% - 50%
PK3 Defense
1 - 0% - 50%
2 - 0% - 50%
44 Forward
1 - 50% - 50% - 2:31
2 - 50% - 50% - 2:29
44 Defense
1 - 53% - 50% - 2:39
2 - 47% - 50% - 2:21
Last Minute Offensive  - 0:00
Last Minute Defensive  - 0:00
Total
Forward - 65:00
Defense - 65:00

Play by Play

1st period


0:01 of 1st period - Adam Cracknell wins face-off versus Ben Street in neutral zone.
0:12 of 1st period - Slapshot by Michael Bournival.
0:12 of 1st period - Shot Misses the Net.
1:03 of 1st period - Chris Neil is hit by Andrew Gordon and loses puck.
1:20 of 1st period - Stephen Johns is hit by Petteri Lindbohm and loses puck.
2:19 of 1st period - Tom Sestito is hit by Mark Zengerle and loses puck.
2:35 of 1st period - Wrist shot by Cody Bass.
2:35 of 1st period - Stopped by Drew MacIntyre without a rebound.
2:36 of 1st period - Adam Cracknell wins face-off versus Nathan Longpre in Checkers zone.
2:43 of 1st period - Deryk Engelland is hit by Michael Sdao and loses puck.
3:20 of 1st period - Wacey Hamilton is hit by Brian Strait and loses puck.
3:33 of 1st period - Bryan Allen is hit by Mark Zengerle and loses puck.
3:44 of 1st period - Slapshot by Peter Harrold.
3:44 of 1st period - Shot Blocked by Tom Sestito.
3:46 of 1st period - Slapshot by Peter Harrold.
3:46 of 1st period - Stopped by Marek Mazanec without a rebound.
3:47 of 1st period - Michael Latta wins face-off versus Ben Street in Phantoms zone.
4:39 of 1st period - Snap shot by Jim O'Brien.
4:39 of 1st period - Stopped by Marek Mazanec with a rebound.
4:41 of 1st period - Snap shot by Sean Backman.
4:41 of 1st period - Shot Blocked by Bryan Lerg.
5:20 of 1st period - Icing by Michael Bournival.
5:21 of 1st period - Michael Bournival wins face-off versus Chris Langkow in Checkers zone.
5:41 of 1st period - Slapshot by Greg Zanon.
5:41 of 1st period - Shot Blocked by Jason Chimera.
5:43 of 1st period - Slapshot by Chris Langkow.
5:43 of 1st period - Stopped by Drew MacIntyre with a rebound.
5:45 of 1st period - Wrist shot by Tom Sestito.
5:45 of 1st period - Stopped by Drew MacIntyre with a rebound.
6:02 of 1st period - Icing by Michael Bournival.
6:03 of 1st period - Michael Bournival wins face-off versus Ben Street in Checkers zone.
6:14 of 1st period - Deryk Engelland is hit by Julien Brouillette and loses puck.
6:25 of 1st period - Slapshot by Bryan Allen.
6:25 of 1st period - Stopped by Drew MacIntyre without a rebound.
6:26 of 1st period - Mark Zengerle wins face-off versus Nathan Longpre in Checkers zone.
7:04 of 1st period - Julien Brouillette is hit by Bryan Allen and loses puck.
7:15 of 1st period - Cody Bass is hit by Tomas Vincour and loses puck.
8:01 of 1st period - Snap shot by Byron Froese.
8:01 of 1st period - Stopped by Drew MacIntyre without a rebound.
8:02 of 1st period - Byron Froese wins face-off versus Jim O'Brien in Checkers zone.
8:03 of 1st period - Wrist shot by Chris Neil.
8:03 of 1st period - Stopped by Drew MacIntyre with a rebound.
8:05 of 1st period - Slapshot by Martin Gernat.
8:05 of 1st period - Shot Misses the Net.
8:07 of 1st period - Snap shot by Chris Neil.
8:07 of 1st period - Goal by Chris Neil - Phantoms : 1 - Checkers : 0.
8:08 of 1st period - Byron Froese wins face-off versus Jim O'Brien in neutral zone.
8:36 of 1st period - Snap shot by Chris Neil.
8:36 of 1st period - Deflect By Petteri Lindbohm.
8:36 of 1st period - Stopped by Drew MacIntyre with a rebound.
9:00 of 1st period - Slapshot by Cody Bass.
9:00 of 1st period - Shot Misses the Net.
9:02 of 1st period - Wrist shot by Chris Langkow.
9:02 of 1st period - Shot Misses the Net.
9:09 of 1st period - Tom Sestito beats up Brandon Mashinter.
9:09 of 1st period - Penalty to Brandon Mashinter for Fighting.
9:09 of 1st period - Penalty to Tom Sestito for Fighting.
9:10 of 1st period - Ben Street wins face-off versus Michael Bournival in Checkers zone.
9:30 of 1st period - Minor Penalty to Blake Parlett for Diving.
9:31 of 1st period - Mark Zengerle wins face-off versus Ben Street in Checkers zone.
10:36 of 1st period - Adam Cracknell is hit by Bryan Allen and loses puck.
11:11 of 1st period - Deryk Engelland is hit by Jim O'Brien and loses puck.
11:30 of 1st period - Penalty to Blake Parlett is over, Blake Parlett is back on ice.
11:50 of 1st period - Snap shot by Keegan Lowe.
11:50 of 1st period - Shot Misses the Net.
11:52 of 1st period - Slapshot by Martin Gernat.
11:52 of 1st period - Stopped by Drew MacIntyre without a rebound.
11:53 of 1st period - Chris Langkow wins face-off versus Michael Latta in Checkers zone.
13:31 of 1st period - Snap shot by Chris Neil.
13:31 of 1st period - Stopped by Drew MacIntyre with a rebound.
13:49 of 1st period - Slapshot by Bryan Allen.
13:49 of 1st period - Shot Misses the Net.
13:51 of 1st period - Snap shot by Chris Langkow.
13:51 of 1st period - Stopped by Drew MacIntyre without a rebound.
13:52 of 1st period - Chris Langkow wins face-off versus Michael Bournival in Checkers zone.
14:43 of 1st period - Snap shot by Deryk Engelland.
14:43 of 1st period - Shot Blocked by Jim O'Brien.
15:43 of 1st period - Slapshot by Stephen Johns.
15:43 of 1st period - Deflect By Cody Bass.
15:43 of 1st period - Shot Misses the Net.
15:43 of 1st period - Puck is out of play.
15:44 of 1st period - Mark Zengerle wins face-off versus Chris Langkow in Checkers zone.
15:57 of 1st period - Wrist shot by Willie Coetzee.
15:57 of 1st period - Stopped by Marek Mazanec with a rebound.
15:59 of 1st period - Wrist shot by Willie Coetzee.
15:59 of 1st period - Stopped by Marek Mazanec without a rebound.
16:00 of 1st period - Byron Froese wins face-off versus Michael Bournival in Phantoms zone.
16:37 of 1st period - Deryk Engelland is hit by Jason Chimera and loses puck.
17:00 of 1st period - Bryan Allen is hit by Michael Sdao and loses puck.
17:44 of 1st period - Snap shot by Chris Neil.
17:44 of 1st period - Stopped by Drew MacIntyre with a rebound.
17:46 of 1st period - Slapshot by Greg Zanon.
17:46 of 1st period - Shot Blocked by Andrew Gordon.
17:48 of 1st period - Slapshot by Greg Zanon.
17:48 of 1st period - Shot Blocked by Michael Latta.
17:50 of 1st period - Snap shot by Bryan Lerg.
17:50 of 1st period - Stopped by Drew MacIntyre with a rebound.
17:52 of 1st period - Snap shot by Byron Froese.
17:52 of 1st period - Stopped by Drew MacIntyre with a rebound.
18:22 of 1st period - Slapshot by Petteri Lindbohm.
18:22 of 1st period - Stopped by Marek Mazanec with a rebound.
18:24 of 1st period - Snap shot by Petteri Lindbohm.
18:24 of 1st period - Shot Misses the Net.
18:26 of 1st period - Wrist shot by Mark Zengerle.
18:26 of 1st period - Shot Blocked by Steve MacIntyre.
18:34 of 1st period - Snap shot by Petteri Lindbohm.
18:34 of 1st period - Deflect By Mark Zengerle.
18:34 of 1st period - Stopped by Marek Mazanec without a rebound.
18:35 of 1st period - Jim O'Brien wins face-off versus Chris Langkow in Phantoms zone.
18:46 of 1st period - Snap shot by Jim O'Brien.
18:46 of 1st period - Stopped by Marek Mazanec with a rebound.
18:48 of 1st period - Snap shot by Blake Parlett.
18:48 of 1st period - Shot Misses the Net.
18:50 of 1st period - Snap shot by Blake Parlett.
18:50 of 1st period - Stopped by Marek Mazanec without a rebound.
18:51 of 1st period - Jim O'Brien wins face-off versus Chris Langkow in Phantoms zone.
18:56 of 1st period - Wrist shot by Jim O'Brien.
18:56 of 1st period - Deflect By Brandon Mashinter.
18:56 of 1st period - Stopped by Marek Mazanec without a rebound.
18:57 of 1st period - Byron Froese wins face-off versus Willie Coetzee in Phantoms zone.
19:19 of 1st period - Slapshot by Bryan Lerg.
19:19 of 1st period - Stopped by Drew MacIntyre with a rebound.
19:41 of 1st period - Peter Harrold is hit by Bryan Allen and loses puck.
19:46 of 1st period - Wrist shot by Deryk Engelland.
19:46 of 1st period - Stopped by Drew MacIntyre without a rebound.
19:47 of 1st period - Michael Bournival wins face-off versus Garrett Wilson in Checkers zone.
Goals for this period are 1 for Phantoms vs 0 for Checkers.
Shots for this period are 16 for Phantoms vs 9 for Checkers.

2nd period


0:01 of 2nd period - Ben Street wins face-off versus Michael Bournival in neutral zone.
0:34 of 2nd period - Snap shot by Jason Chimera.
0:34 of 2nd period - Stopped by Marek Mazanec with a rebound.
0:36 of 2nd period - Wrist shot by Jason Chimera.
0:36 of 2nd period - Goal by Jason Chimera - Phantoms : 1 - Checkers : 1.
0:37 of 2nd period - Sean Backman wins face-off versus Chris Neil in neutral zone.
1:53 of 2nd period - Tomas Vincour is hit by Garrett Wilson and loses puck.
2:22 of 2nd period - Snap shot by Jason Chimera.
2:22 of 2nd period - Stopped by Marek Mazanec without a rebound.
2:23 of 2nd period - Nathan Longpre wins face-off versus Michael Bournival in Phantoms zone.
3:07 of 2nd period - Snap shot by Bryan Lerg.
3:07 of 2nd period - Shot Misses the Net.
3:21 of 2nd period - Snap shot by Chris Neil.
3:21 of 2nd period - Shot Blocked by Petteri Lindbohm.
3:40 of 2nd period - Slapshot by Brian Strait.
3:40 of 2nd period - Stopped by Drew MacIntyre with a rebound.
3:48 of 2nd period - Wrist shot by Brian Strait.
3:48 of 2nd period - Stopped by Drew MacIntyre with a rebound.
3:50 of 2nd period - Wrist shot by Tom Sestito.
3:50 of 2nd period - Shot Misses the Net.
3:52 of 2nd period - Wrist shot by Chris Langkow.
3:52 of 2nd period - Stopped by Drew MacIntyre with a rebound.
3:54 of 2nd period - Wrist shot by Tom Sestito.
3:54 of 2nd period - Shot Misses the Net.
3:56 of 2nd period - Slapshot by Bryan Allen.
3:56 of 2nd period - Stopped by Drew MacIntyre without a rebound.
3:57 of 2nd period - Ben Street wins face-off versus Jim O'Brien in Checkers zone.
4:02 of 2nd period - Snap shot by Garrett Wilson.
4:02 of 2nd period - Stopped by Drew MacIntyre with a rebound.
4:25 of 2nd period - Snap shot by Sean Backman.
4:25 of 2nd period - Stopped by Marek Mazanec with a rebound.
4:27 of 2nd period - Slapshot by Blake Parlett.
4:27 of 2nd period - Deflect By Ben Street.
4:27 of 2nd period - Stopped by Marek Mazanec with a rebound.
4:29 of 2nd period - Snap shot by Sean Backman.
4:29 of 2nd period - Stopped by Marek Mazanec with a rebound.
4:52 of 2nd period - Keegan Lowe is hit by Andrew Gordon and loses puck.
5:09 of 2nd period - Tom Sestito is hit by Andrew Gordon and loses puck.
5:41 of 2nd period - Off-side.
5:42 of 2nd period - Michael Bournival wins face-off versus Byron Froese in neutral zone.
6:05 of 2nd period - Slapshot by Bryan Allen.
6:05 of 2nd period - Stopped by Drew MacIntyre with a rebound.
6:07 of 2nd period - Slapshot by Bryan Allen.
6:07 of 2nd period - Stopped by Drew MacIntyre without a rebound.
6:08 of 2nd period - Jim O'Brien wins face-off versus Ben Street in Checkers zone.
6:31 of 2nd period - Deryk Engelland is hit by Brandon Mashinter and loses puck.
6:44 of 2nd period - Petteri Lindbohm is hit by Chris Langkow and loses puck.
6:51 of 2nd period - Slapshot by Greg Zanon.
6:51 of 2nd period - Shot Misses the Net.
7:21 of 2nd period - Chris Neil is hit by Michael Latta and loses puck.
7:34 of 2nd period - Snap shot by Bryan Lerg.
7:34 of 2nd period - Stopped by Drew MacIntyre without a rebound.
7:35 of 2nd period - Jason Chimera wins face-off versus Ben Street in Checkers zone.
7:35 of 2nd period - Jason Chimera is hit by Keegan Lowe.
7:56 of 2nd period - Snap shot by Jason Chimera.
7:56 of 2nd period - Stopped by Marek Mazanec without a rebound.
7:57 of 2nd period - Chris Langkow wins face-off versus Mark Zengerle in Phantoms zone.
7:59 of 2nd period - Minor Penalty to Cody Bass for Holding.
8:00 of 2nd period - Michael Bournival wins face-off versus Chris Neil in Phantoms zone.
8:53 of 2nd period - Snap shot by Michael Latta.
8:53 of 2nd period - Shot Misses the Net.
9:07 of 2nd period - Slapshot by Peter Harrold.
9:07 of 2nd period - Shot Blocked by Bryan Allen.
9:20 of 2nd period - Brian Strait is hit by Andrew Gordon.
9:24 of 2nd period - Peter Harrold is hit by Brian Strait.
9:43 of 2nd period - Snap shot by Jason Chimera.
9:43 of 2nd period - Shot Misses the Net.
9:45 of 2nd period - Wrist shot by Jason Chimera.
9:45 of 2nd period - Stopped by Marek Mazanec with a rebound.
9:47 of 2nd period - Slapshot by Peter Harrold.
9:47 of 2nd period - Stopped by Marek Mazanec with a rebound.
9:59 of 2nd period - Penalty to Cody Bass is over, Cody Bass is back on ice.
10:29 of 2nd period - Wrist shot by Wacey Hamilton.
10:29 of 2nd period - Shot Blocked by Bryan Allen.
10:31 of 2nd period - Slapshot by Michael Sdao.
10:31 of 2nd period - Shot Misses the Net.
10:44 of 2nd period - Icing by Brian Strait.
10:45 of 2nd period - Byron Froese wins face-off versus Jim O'Brien in Phantoms zone.
10:56 of 2nd period - Snap shot by Jim O'Brien.
10:56 of 2nd period - Stopped by Marek Mazanec without a rebound.
10:57 of 2nd period - Jim O'Brien wins face-off versus Nathan Longpre in Phantoms zone.
11:04 of 2nd period - Wrist shot by Jim O'Brien.
11:04 of 2nd period - Shot Blocked by Greg Zanon.
11:06 of 2nd period - Slapshot by Blake Parlett.
11:06 of 2nd period - Deflect By Sean Backman.
11:06 of 2nd period - Shot Misses the Net.
11:06 of 2nd period - Puck is out of play.
11:07 of 2nd period - Mark Zengerle wins face-off versus Nathan Longpre in Phantoms zone.
11:08 of 2nd period - Snap shot by Wacey Hamilton.
11:08 of 2nd period - Stopped by Marek Mazanec with a rebound.
11:10 of 2nd period - Snap shot by Wacey Hamilton.
11:10 of 2nd period - Shot Misses the Net.
11:12 of 2nd period - Slapshot by Julien Brouillette.
11:12 of 2nd period - Shot Blocked by Stephen Johns.
11:38 of 2nd period - Steve MacIntyre is hit by Wacey Hamilton and loses puck.
12:03 of 2nd period - Slapshot by Michael Bournival.
12:03 of 2nd period - Shot Blocked by Deryk Engelland.
12:05 of 2nd period - Slapshot by Aaron Ness.
12:05 of 2nd period - Stopped by Marek Mazanec with a rebound.
12:07 of 2nd period - Slapshot by Aaron Ness.
12:07 of 2nd period - Stopped by Marek Mazanec with a rebound.
12:09 of 2nd period - Wrist shot by Jason Chimera.
12:09 of 2nd period - Shot Misses the Net.
12:11 of 2nd period - Snap shot by Michael Bournival.
12:11 of 2nd period - Deflect By Jason Chimera.
12:11 of 2nd period - Shot Misses the Net.
12:11 of 2nd period - Puck is out of play.
12:12 of 2nd period - Michael Latta wins face-off versus Chris Langkow in Phantoms zone.
12:45 of 2nd period - Chris Langkow is hit by Aaron Ness and loses puck.
13:12 of 2nd period - Slapshot by Chris Neil.
13:12 of 2nd period - Stopped by Drew MacIntyre with a rebound.
13:30 of 2nd period - Snap shot by Bryan Lerg.
13:30 of 2nd period - Stopped by Drew MacIntyre with a rebound.
13:32 of 2nd period - Slapshot by Martin Gernat.
13:32 of 2nd period - Deflect By Chris Neil.
13:32 of 2nd period - Shot Blocked by Blake Parlett.
13:32 of 2nd period - Puck is out of play.
13:33 of 2nd period - Michael Bournival wins face-off versus Ben Street in Checkers zone.
13:33 of 2nd period - Michael Bournival is hit by Martin Gernat.
13:41 of 2nd period - Adam Cracknell is hit by Ben Street and loses puck.
13:53 of 2nd period - Jason Chimera is hit by Martin Gernat and loses puck.
14:23 of 2nd period - Slapshot by Chris Neil.
14:23 of 2nd period - Deflect By Bryan Lerg.
14:23 of 2nd period - Stopped by Drew MacIntyre without a rebound.
14:24 of 2nd period - Michael Latta wins face-off versus Byron Froese in Checkers zone.
15:01 of 2nd period - Backhand shot by Michael Latta.
15:01 of 2nd period - Stopped by Marek Mazanec with a rebound.
15:18 of 2nd period - Brandon Mashinter and Tom Sestito fight to a draw.
15:18 of 2nd period - Penalty to Brandon Mashinter for Fighting.
15:18 of 2nd period - Penalty to Tom Sestito for Fighting.
15:19 of 2nd period - Jim O'Brien wins face-off versus Ben Street in Phantoms zone.
18:20 of 2nd period - Steve MacIntyre is hit by Adam Cracknell and loses puck.
18:22 of 2nd period - Minor Penalty to Michael Sdao for Holding.
18:23 of 2nd period - Jim O'Brien wins face-off versus Byron Froese in Checkers zone.
19:00 of 2nd period - Wrist shot by Chris Neil.
19:00 of 2nd period - Stopped by Drew MacIntyre with a rebound.
19:20 of 2nd period - Bryan Allen is hit by Willie Coetzee and loses puck.
19:45 of 2nd period - Byron Froese is hit by Jim O'Brien and loses puck.
Goals for this period are 0 for Phantoms vs 1 for Checkers.
Shots for this period are 12 for Phantoms vs 14 for Checkers.

3rd period


0:01 of 3rd period - Jim O'Brien wins face-off versus Ben Street in neutral zone.
0:06 of 3rd period - Slapshot by Peter Harrold.
0:06 of 3rd period - Shot Blocked by Bryan Allen.
0:18 of 3rd period - Penalty to Brandon Mashinter is over, Brandon Mashinter is back on ice.
0:28 of 3rd period - Wrist shot by Deryk Engelland.
0:28 of 3rd period - Stopped by Drew MacIntyre with a rebound.
0:30 of 3rd period - Slapshot by Brian Strait.
0:30 of 3rd period - Deflect By Deryk Engelland.
0:30 of 3rd period - Stopped by Drew MacIntyre with a rebound.
0:32 of 3rd period - Slapshot by Bryan Allen.
0:32 of 3rd period - Shot Misses the Net.
0:57 of 3rd period - Blake Parlett is hit by Brian Strait and loses puck.
1:09 of 3rd period - Icing by Bryan Lerg.
1:10 of 3rd period - Tomas Vincour wins face-off versus Byron Froese in Phantoms zone.
1:23 of 3rd period - Tomas Vincour is hit by Chris Neil.
1:27 of 3rd period - Byron Froese is hit by Petteri Lindbohm and loses puck.
1:41 of 3rd period - Michael Latta is hit by Chris Neil and loses puck.
2:30 of 3rd period - Wrist shot by Martin Gernat.
2:30 of 3rd period - Shot Misses the Net.
2:42 of 3rd period - Minor Penalty to Jim O'Brien for Holding.
2:43 of 3rd period - Adam Cracknell wins face-off versus Ben Street in Checkers zone.
2:43 of 3rd period - Adam Cracknell is hit by Deryk Engelland.
3:19 of 3rd period - Slapshot by Ben Street.
3:19 of 3rd period - Stopped by Drew MacIntyre with a rebound.
3:52 of 3rd period - Snap shot by Brandon Mashinter.
3:52 of 3rd period - Stopped by Marek Mazanec with a rebound.
3:54 of 3rd period - Wrist shot by Petteri Lindbohm.
3:54 of 3rd period - Deflect By Chris Neil.
3:54 of 3rd period - Stopped by Marek Mazanec with a rebound.
3:56 of 3rd period - Wrist shot by Brandon Mashinter.
3:56 of 3rd period - Stopped by Marek Mazanec with a rebound.
4:30 of 3rd period - Adam Cracknell is hit by Garrett Wilson and loses puck.
4:42 of 3rd period - Penalty to Jim O'Brien is over, Jim O'Brien is back on ice.
4:47 of 3rd period - Slapshot by Brian Strait.
4:47 of 3rd period - Shot Misses the Net.
4:49 of 3rd period - Slapshot by Brian Strait.
4:49 of 3rd period - Shot Misses the Net.
4:51 of 3rd period - Snap shot by Bryan Allen.
4:51 of 3rd period - Shot Misses the Net.
4:53 of 3rd period - Slapshot by Brian Strait.
4:53 of 3rd period - Shot Misses the Net.
5:03 of 3rd period - Wrist shot by Tom Sestito.
5:03 of 3rd period - Shot Misses the Net.
5:05 of 3rd period - Wrist shot by Keegan Lowe.
5:05 of 3rd period - Stopped by Drew MacIntyre with a rebound.
5:16 of 3rd period - Off-side.
5:17 of 3rd period - Michael Latta wins face-off versus Chris Langkow in neutral zone.
5:32 of 3rd period - Wrist shot by Michael Latta.
5:32 of 3rd period - Shot Blocked by Tom Sestito.
6:04 of 3rd period - Adam Cracknell is hit by Steve MacIntyre and loses puck.
7:00 of 3rd period - Stephen Johns is hit by Petteri Lindbohm and loses puck.
7:43 of 3rd period - Peter Harrold is hit by Garrett Wilson and loses puck.
7:58 of 3rd period - Snap shot by Garrett Wilson.
7:58 of 3rd period - Shot Blocked by Peter Harrold.
8:00 of 3rd period - Slapshot by Brian Strait.
8:00 of 3rd period - Stopped by Drew MacIntyre with a rebound.
8:42 of 3rd period - Aaron Ness is hit by Martin Gernat and loses puck.
9:05 of 3rd period - Wrist shot by Byron Froese.
9:05 of 3rd period - Stopped by Drew MacIntyre without a rebound.
9:06 of 3rd period - Michael Latta wins face-off versus Byron Froese in Checkers zone.
9:18 of 3rd period - Icing by Tomas Vincour.
9:19 of 3rd period - Ben Street wins face-off versus Michael Latta in Checkers zone.
9:27 of 3rd period - Snap shot by Deryk Engelland.
9:27 of 3rd period - Stopped by Drew MacIntyre with a rebound.
9:53 of 3rd period - Julien Brouillette is hit by Tom Sestito and loses puck.
10:54 of 3rd period - Wacey Hamilton is hit by Mitch Moroz and loses puck.
12:31 of 3rd period - Minor Penalty to Keegan Lowe for Interference.
12:32 of 3rd period - Michael Latta wins face-off versus Chris Neil in Phantoms zone.
12:52 of 3rd period - Snap shot by Chris Neil.
12:52 of 3rd period - Stopped by Drew MacIntyre without a rebound.
12:53 of 3rd period - Michael Bournival wins face-off versus Ben Street in Checkers zone.
13:03 of 3rd period - Slapshot by Michael Bournival.
13:03 of 3rd period - Shot Hit the Post.
13:38 of 3rd period - Chris Neil is hit by Andrew Gordon and loses puck.
14:31 of 3rd period - Penalty to Keegan Lowe is over, Keegan Lowe is back on ice.
15:03 of 3rd period - Martin Gernat is hit by Julien Brouillette and loses puck.
16:23 of 3rd period - Mark Zengerle is hit by Cody Bass and loses puck.
16:36 of 3rd period - Blake Parlett is hit by Brian Strait and loses puck.
17:52 of 3rd period - Snap shot by Willie Coetzee.
17:52 of 3rd period - Shot Blocked by Nathan Longpre.
17:54 of 3rd period - Snap shot by Willie Coetzee.
17:54 of 3rd period - Shot Misses the Net.
17:56 of 3rd period - Snap shot by Julien Brouillette.
17:56 of 3rd period - Shot Misses the Net.
17:58 of 3rd period - Slapshot by Mark Zengerle.
17:58 of 3rd period - Stopped by Marek Mazanec without a rebound.
17:59 of 3rd period - Chris Langkow wins face-off versus Wacey Hamilton in Phantoms zone.
19:08 of 3rd period - Slapshot by Jason Chimera.
19:08 of 3rd period - Shot Misses the Net.
19:10 of 3rd period - Slapshot by Peter Harrold.
19:10 of 3rd period - Shot Blocked by Deryk Engelland.
19:12 of 3rd period - Wrist shot by Michael Bournival.
19:12 of 3rd period - Stopped by Marek Mazanec with a rebound.
19:30 of 3rd period - Wrist shot by Andrew Gordon.
19:30 of 3rd period - Stopped by Marek Mazanec with a rebound.
19:32 of 3rd period - Slapshot by Tomas Vincour.
19:32 of 3rd period - Shot Misses the Net.
19:34 of 3rd period - Wrist shot by Andrew Gordon.
19:34 of 3rd period - Shot Misses the Net.
19:36 of 3rd period - Slapshot by Michael Sdao.
19:36 of 3rd period - Stopped by Marek Mazanec with a rebound.
19:38 of 3rd period - Snap shot by Tomas Vincour.
19:38 of 3rd period - Deflect By Andrew Gordon.
19:38 of 3rd period - Shot Misses the Net.
19:38 of 3rd period - Puck is out of play.
19:39 of 3rd period - Byron Froese wins face-off versus Michael Latta in Phantoms zone.
19:50 of 3rd period - Wrist shot by Chris Neil.
19:50 of 3rd period - Shot Misses the Net.
19:52 of 3rd period - Snap shot by Chris Neil.
19:52 of 3rd period - Shot Misses the Net.
19:56 of 3rd period - Wrist shot by Chris Neil.
19:56 of 3rd period - Stopped by Drew MacIntyre without a rebound.
19:57 of 3rd period - Jim O'Brien wins face-off versus Byron Froese in Checkers zone.
Goals for this period are 0 for Phantoms vs 0 for Checkers.
Shots for this period are 9 for Phantoms vs 7 for Checkers.

Overtime #1


0:01 of 1st overtime period - Chris Neil wins face-off versus Michael Bournival in neutral zone.
0:06 of 1st overtime period - Snap shot by Chris Neil.
0:06 of 1st overtime period - Shot Misses the Net.
0:30 of 1st overtime period - Snap shot by Jason Chimera.
0:30 of 1st overtime period - Shot Blocked by Brian Strait.
0:32 of 1st overtime period - Wrist shot by Michael Bournival.
0:32 of 1st overtime period - Shot Misses the Net.
0:34 of 1st overtime period - Slapshot by Peter Harrold.
0:34 of 1st overtime period - Shot Misses the Net.
1:09 of 1st overtime period - Wrist shot by Chris Neil.
1:09 of 1st overtime period - Stopped by Drew MacIntyre without a rebound.
1:10 of 1st overtime period - Chris Neil wins face-off versus Michael Latta in Checkers zone.
1:22 of 1st overtime period - Icing by Michael Latta.
1:23 of 1st overtime period - Chris Neil wins face-off versus Michael Latta in Checkers zone.
1:32 of 1st overtime period - Wrist shot by Andrew Gordon.
1:32 of 1st overtime period - Deflect By Brian Strait.
1:32 of 1st overtime period - Shot Misses the Net.
1:32 of 1st overtime period - Puck is out of play.
1:33 of 1st overtime period - Chris Neil wins face-off versus Michael Bournival in Phantoms zone.
1:46 of 1st overtime period - Slapshot by Jason Chimera.
1:46 of 1st overtime period - Stopped by Marek Mazanec with a rebound.
2:05 of 1st overtime period - Wrist shot by Jason Chimera.
2:05 of 1st overtime period - Stopped by Marek Mazanec with a rebound.
2:07 of 1st overtime period - Snap shot by Michael Bournival.
2:07 of 1st overtime period - Stopped by Marek Mazanec with a rebound.
2:52 of 1st overtime period - Snap shot by Deryk Engelland.
2:52 of 1st overtime period - Stopped by Drew MacIntyre without a rebound.
2:53 of 1st overtime period - Mitch Moroz wins face-off versus Michael Bournival in Checkers zone.
2:58 of 1st overtime period - Snap shot by Brian Strait.
2:58 of 1st overtime period - Stopped by Drew MacIntyre with a rebound.
3:00 of 1st overtime period - Slapshot by Brian Strait.
3:00 of 1st overtime period - Shot Blocked by Michael Bournival.
3:02 of 1st overtime period - Snap shot by Brian Strait.
3:02 of 1st overtime period - Deflect By Mitch Moroz.
3:02 of 1st overtime period - Shot Blocked by Peter Harrold.
3:02 of 1st overtime period - Puck is out of play.
3:03 of 1st overtime period - Michael Latta wins face-off versus Mitch Moroz in Checkers zone.
3:08 of 1st overtime period - Snap shot by Petteri Lindbohm.
3:08 of 1st overtime period - Stopped by Marek Mazanec with a rebound.
3:16 of 1st overtime period - Snap shot by Petteri Lindbohm.
3:16 of 1st overtime period - Stopped by Marek Mazanec with a rebound.
3:18 of 1st overtime period - Slapshot by Peter Harrold.
3:18 of 1st overtime period - Shot Misses the Net.
3:24 of 1st overtime period - Backhand shot by Michael Latta.
3:24 of 1st overtime period - Shot Misses the Net.
4:01 of 1st overtime period - Off-side.
4:02 of 1st overtime period - Michael Latta wins face-off versus Garrett Wilson in neutral zone.
4:09 of 1st overtime period - Snap shot by Byron Froese.
4:09 of 1st overtime period - Shot Misses the Net.
4:32 of 1st overtime period - Jason Chimera is hit by Byron Froese and loses puck.
Goals for this period are 0 for Phantoms vs 0 for Checkers.
Shots for this period are 3 for Phantoms vs 5 for Checkers.

ShootOut


5:00 of 1st overtime period - Penalty Shot by Deryk Engelland for Phantoms.
5:00 of 1st overtime period - Backhand shot by Deryk Engelland.
5:00 of 1st overtime period - Stopped by Drew MacIntyre.
5:00 of 1st overtime period - Penalty Shot by Sean Backman for Checkers.
5:00 of 1st overtime period - Deke by Sean Backman.
5:00 of 1st overtime period - Stopped by Marek Mazanec.
5:00 of 1st overtime period - Penalty Shot by Chris Neil for Phantoms.
5:00 of 1st overtime period - Backhand shot by Chris Neil.
5:00 of 1st overtime period - Stopped by Drew MacIntyre.
5:00 of 1st overtime period - Penalty Shot by Michael Latta for Checkers.
5:00 of 1st overtime period - Deke by Michael Latta.
5:00 of 1st overtime period - Stopped by Marek Mazanec.
5:00 of 1st overtime period - Penalty Shot by Ben Street for Phantoms.
5:00 of 1st overtime period - Snap shot by Ben Street.
5:00 of 1st overtime period - Goal by Ben Street.
5:00 of 1st overtime period - Penalty Shot by Jim O'Brien for Checkers.
5:00 of 1st overtime period - Deke by Jim O'Brien.
5:00 of 1st overtime period - Stopped by Marek Mazanec.